 Dungeon Crawl Stone Soup version 0.28.0-47-ge53b351184 (webtiles) character file.

Game seed: 9740753749296459548

33 AuftragZ the Bolt Thrower (level 3, 0/20 HPs)
             Began as a Kobold Arcane Marksman on May 9, 2022.
             Slain by a goblin
             ... wielding a +0 dagger
             ... led by Robin
              (3 damage)
             ... on level 2 of the Dungeon.
             The game lasted 00:06:28 (1608 turns).

AuftragZ the Bolt Thrower (Kobold Arcane Marksman)  Turns: 1608, Time: 00:06:28

Health: 0/20       AC:  3    Str:  7    XL:     3   Next: 47%
Magic:  4/4        EV: 15    Int: 14    God:
Gold:   113        SH:  0    Dex: 17    Spells: 3/4 levels left

rFire   . . .      SeeInvis .   a - +0 hand crossbow
rCold   . . .      Faith    .   (no shield)
rNeg    . . .      Spirit   .   d - +0 robe
rPois   .          Reflect  .   (no helmet)
rElec   .          Harm     .   (no cloak)
rCorr   .          Rampage  .   (no gloves)
Will    .....                   e - +0 pair of boots
Stlth   +++.......              (no amulet)
HPRegen 0.06/turn               (no ring)
MPRegen 0.09/turn               (no ring)

@: no status effects
A: small, no large weapons, nightstalker 3
a: no special abilities


You were on level 2 of the Dungeon.
You visited 1 branch of the dungeon, and saw 2 of its levels.

You collected 113 gold pieces.

Inventory:

Hand Weapons
 a - a +0 hand crossbow (weapon)
 f - a +0 club
Armour
 d - a +0 robe (worn)
 e - a +0 pair of boots (worn)
Scrolls
 b - a scroll of fear


   Skills:
 - Level 1.1 Fighting
 * Level 4.1 Crossbows
 + Level 2.6 Dodging
 + Level 1.2 Spellcasting
 + Level 3.1 Hexes


You had 3 spell levels left.
You knew the following spells:

 Your Spells              Type           Power      Damage    Failure   Level
a - Slow                  Hex            36%        N/A       7%          1

Your spell library contained the following spells:

 Spells                   Type           Power      Damage    Failure   Level
 Inner Flame              Hex/Fire       5%         N/A       38%         3
 Portal Projectile        Hex/Tloc       10%        N/A       38%         3
 Cause Fear               Hex            4%         N/A       56%         4


Dungeon Overview and Level Annotations

Branches:
Dungeon (2/15)

Altars:

Shops:
D:1 [

Annotations:
D:2 Robin


Innate Abilities, Weirdness & Mutations

You are small and have problems with some larger weapons.
You are completely attuned to the shadows.


Message History

You shoot a bolt.
Robin shouts!
The bolt hits Robin.
Robin is moderately wounded.
The goblin seems to regain its courage.
A hobgoblin comes into view.
Fire: 2 bolts
Press: ? - help, Q - select action, (/) - cycle Shift-Dir - straight line, f - hobgoblin, p - Robin
Aim: a hobgoblin (65% to hit)
You shoot a bolt. The bolt hits the goblin!
You kill the goblin!
A hobgoblin comes into view.
Robin roars a battlecry!
The hobgoblins go into a battle-frenzy!
Fire: bolt
Press: ? - help, Q - select action, (/) - cycle Shift-Dir - straight line, f - hobgoblin, p - hobgoblin
Aim: a hobgoblin (strong, 65% to hit)
You shoot a bolt. The bolt hits Robin!
Robin is severely wounded.
A goblin comes into view. It is wielding a +0 dagger.
Robin drinks a potion.
Robin seems to speed up.
Robin throws the goblin at you! The goblin closely misses you.
Really attack while wielding your +0 hand crossbow? [Y]es or [N]o only, please.
Really attack while wielding your +0 hand crossbow? [Y]es or [N]o only, please.
Really attack while wielding your +0 hand crossbow?
Okay, then.
The goblin closely misses you. Robin throws the goblin at you!
* * * LOW HITPOINT WARNING * * *
The goblin hits you but does no damage.
Robin roars a battlecry!
The goblin goes into a battle-frenzy!
The goblin completely misses you. The hobgoblin barely misses you.
Robin throws the goblin at you! The goblin misses you. x2
The goblin barely misses you. Robin throws the goblin at you!
The goblin hits you with a +0 dagger.
* * * LOW HITPOINT WARNING * * *
Robin throws the goblin at you! The goblin hits you with a +0 dagger.
You die...

# #....#
#.#........# .
#....#
#####.#....###†#
. #....#
..>.......†# #.#
. .........###
#.# .
...........# ..#
# ...........#
..........†#
...........#
....@.gg...#
...gg..g..)#
...........#
..........(#
..........)..g.
....((.g.
###....(.
#.....(


You could see Robin (fast), 2 hobgoblins and 2 goblins.

Vanquished Creatures
  A dart slug (D:1)
  4 ball pythons
  A bat (D:1)
  2 endoplasms (D:1)
  A giant cockroach (D:1)
  4 hobgoblins (D:2)
  2 kobolds
  A frilled lizard (D:1)
  8 goblins
  2 rats
26 creatures vanquished.

Vanquished Creatures (others)
  5 toadstools (D:1)
5 creatures vanquished.

Grand Total: 31 creatures vanquished

Notes
Turn   | Place    | Note
-------+----------+-------------------------------------------
     0 | D:1      | AuftragZ the Kobold Arcane Marksman began the quest for the
                  | Orb.
     0 | D:1      | Reached XP level 1. HP: 12/12 MP: 2/2
   332 | D:1      | Reached XP level 2. HP: 11/16 MP: 3/3
   460 | D:1      | Reached skill level 3 in Crossbows
   498 | D:1      | Found Sonemu's Armour Shoppe.
   548 | D:1      | Found a faded altar of an unknown god.
  1441 | D:2      | Reached XP level 3. HP: 20/20 MP: 4/4
  1598 | D:2      | Reached skill level 4 in Crossbows
  1598 | D:2      | Identified the -1 helmet "Imaudio" {rC+ Str+3 Int+4}
  1598 | D:2      | Noticed Robin
  1608 | D:2      | Slain by a goblin

Illustrated notes

Levels and vault maps discovered:
D:1:      dpeg_arrival_water_temple_mockup, layout_loops_ring, serial_shops,
          shop, shapermc_ecumenical_altar_mp_vishouse, minmay_gold_behind_fungi,
          kennysheep_doodads, minmay_box_of_dots
D:2:      layout_basic, kennysheep_minor_cross, grunt_ministairs_2,
          kennysheep_cross_room, uniq_robin

Skill      XL: |  1  2  3 |
---------------+----------+-----
Crossbows      | 3 4 |  4.1
Fighting       | |  1.1
Dodging        | |  2.6
Spellcasting   | |  1.2
Hexes          | |  3.1

Action                   || total
-------------------------++-------
Melee: Unarmed           ||     9
 Fire: Hand crossbow     ||    61
 Cast: Slow              ||     1
  Use: Scroll            ||     1
Armor: Robe              ||    20
Dodge: Dodged            ||    48
